 Dungeon Crawl Stone Soup version 0.30-a0-310-g7d6cbdfea6 (webtiles) character file.

Game seed: 6382773283006629300

96 Iusername the Shield-Bearer (level 4, 37/41 HPs)
             Began as a Minotaur Fighter on Oct 24, 2022.
             Quit the game on level 3 of the Dungeon.
             The game lasted 00:02:50 (2119 turns).

Iusername the Shield-Bearer (Minotaur Fighter)      Turns: 2119, Time: 00:02:51

Health: 37/41      AC:  7    Str: 23    XL:     4   Next: 41%
Magic:  3/3        EV:  9    Int:  5    God:
Gold:   78         SH:  4    Dex:  9    Spells: 3/3 levels left

rFire   . . .      SeeInvis .    a - +0 war axe
rCold   . . .      Faith    .    c - +0 buckler
rNeg    . . .      Spirit   .    b - +0 scale mail
rPois   .          Reflect  .    (helmet restricted)
rElec   .          Harm     .    (no cloak)
rCorr   .          Rampage  .    (no gloves)
Will    .....                    (no boots)
Stlth   ..........               (no amulet)
HPRegen 0.26/turn                (no ring)
MPRegen 0.08/turn                (no ring)

@: no status effects
A: horns 2, retaliatory headbutt
a: no special abilities


You were on level 3 of the Dungeon.
You visited 1 branch of the dungeon, and saw 3 of its levels.

You collected 78 gold pieces.

Inventory:

Hand Weapons
 a - a +0 war axe (weapon)
Missiles
 e - a throwing net (quivered)
Armour
 b - a +0 scale mail (worn)
 c - a +0 buckler (worn)
Scrolls
 f - 2 scrolls of amnesia {unknown}
 g - a scroll of poison {unknown}
 h - 2 scrolls of teleportation {unknown}
 l - a scroll of fear {unknown}
Potions
 d - a potion of might
 i - a potion of flight {unknown}
 j - a potion of degeneration {unknown}
 k - a potion of heal wounds {unknown}
 m - a potion of curing {unknown}


   Skills:
 + Level 4.5 Fighting
 + Level 3.4 Axes
 + Level 4.4 Armour
 + Level 4.5 Shields


You had 3 spell levels left.
You didn't know any spells.
Your spell library was empty.

Dungeon Overview and Level Annotations

Branches:
Dungeon (3/15)

Altars:
Ashenzari
Trog

Shops:
D:2 *


Innate Abilities, Weirdness & Mutations

You have a pair of horns on your head.
You reflexively headbutt those who attack you in melee.


Message History

l - a scroll labelled AZIOKA GOETIW Key pressed, stopping explore.
No target in view!
Key pressed, stopping explore.
No target in view!
Key pressed, stopping explore.
No target in view!
m - a puce potion Key pressed, stopping explore.
No target in view!
Key pressed, stopping explore.
No target in view!
Key pressed, stopping explore.
No target in view!
You see here a +0 dagger.
A goblin comes into view. It is wielding a +0 dagger.
Found a stone staircase leading up.
The goblin shouts!
An endoplasm comes into view.
Welcome back, Iusername the Minotaur Fighter.
Press ? for a list of commands and other information.
The endoplasm quivers.
The goblin completely misses you.
You barely miss the goblin. Your headbutt misses the goblin.
The goblin hits you with a +0 dagger.
You slash the goblin!
You kill the goblin!
The endoplasm freezes you.
You are frozen.
You slash the endoplasm!
You kill the endoplasm!
No target in view!
No target in view!
No target in view!
No target in view!
No target in view!
No target in view!
No target in view!
No target in view!
Are you sure you want to abandon this character and quit the game? (Confirm with "yes".)

#....#.#.#.#.#.#.#.#.#.#.#.#
#.....#.#.#.#.#.#.#.#.#.#.##
##.#.#.#.#)#.#.#.#.#.#.#.#.#
##.#.#.#.#.#.#.#.#.#.#.#.##
#.#.#.#.<.#.#.#.#.#<#.#.#.
##.#.#.#.#.#.#.#.#.# #.#.
......#.#.#.#.#.#.#.# #.
.....#.#.#.#.#.#.#.#$#
.....#.#.#....@#.#.#.#
...#.#.#....)#.#.#.#.# .#.#
#.#.... #.#.#.#.# .# #.....
#.#.#.#.# #..... #.#.....
#..... .##### ....... #
##.####


There were no monsters in sight!

Vanquished Creatures
  Terence (D:2)
  An orc wizard (D:3)
  A worm (D:2)
  A dart slug (D:3)
  3 orcs (D:3)
  5 ball pythons
  5 endoplasms
  A giant cockroach (D:1)
  2 hobgoblins
  2 quokkas
  A bat (D:1)
  3 frilled lizards
  4 goblins
  3 kobolds
  6 rats
39 creatures vanquished.

Notes
Turn   | Place    | Note
-------+----------+-------------------------------------------
     0 | D:1      | Iusername the Minotaur Fighter began the quest for the Orb.
     0 | D:1      | Reached XP level 1. HP: 19/19 MP: 0/0
   134 | D:1      | Reached XP level 2. HP: 27/27 MP: 1/1
   943 | D:2      | Noticed Terence
   956 | D:2      | Killed Terence
   957 | D:2      | Reached XP level 3. HP: 19/33 MP: 2/2
  1115 | D:2      | Found Quxt's Assorted Antiques.
  1764 | D:3      | Reached XP level 4. HP: 40/41 MP: 3/3
  2007 | D:3      | Found a bloodstained altar of Trog.
  2013 | D:3      | Found a broken altar of Ashenzari.
  2119 | D:3      | Quit the game

Illustrated notes

Levels and vault maps discovered:
D:1:      sevenhm_arrival_forest_fort_large_2, layout_loops_ring
D:2:      layout_basic, serial_shops, shop_statue, uniq_terence
D:3:      layout_basic, ashenzari_altar_1, mainiacjoe_overflow_brackets,
          mainiacjoe_overflow_paths, uniq_crazy_yiuf_cottage

Skill      XL: |  1  2 |
---------------+-------+-----
Fighting       | 4 |  4.5
Shields        | 4 |  4.5
Armour         | 4 |  4.4
Axes           | 3 |  3.4

Action                   |  1- 3 |  4- 6 || total
-------------------------+-------+-------++-------
Melee: War axe           |    92 |     8 ||   100
       Headbutt          |     8 |     1 ||     9
Armor: Scale mail        |    45 |     2 ||    47
Dodge: Dodged            |    35 |     3 ||    38
Block: Buckler           |    23 |       ||    23

Table legend: (Time is in decaauts)
 A = Elapsed time spent in this place.
 B = Non-inter-level travel time spent in this place.
 C = Inter-level travel time spent in this place.
 D = Time resting spent in this place.
 E = Time spent auto-exploring this place.
 F = Levels seen in this place.
 G = Mean time per level.
                   A        B        C        D        E       F      G
               +--------+--------+--------+--------+--------+-----+--------+
         Total |   2157 |   2047 |    110 |    310 |   1437 |   3 |  719.0 |
       Dungeon |   2157 |   2047 |    110 |    310 |   1437 |   3 |  719.0 |
               +--------+--------+--------+--------+--------+-----+--------+

Top non-repeatable levels by time:
     D:2: 950 daAuts
     D:1: 816 daAuts
     D:3: 391 daAuts
